Map: Abyssal Reef LE

Players

SamuraiFunn

  • Race: Protoss Protoss
  • Spawn Location: 5:00

A.I. 1 (Harder) - Winner!

  • Race: Terran Terran
  • Spawn Location: 11:00

VOD

Have the link to the VOD?

Description

Time

  • Played on: Oct. 28, 2017, 2:21 p.m.
  • Length: 22:44
Show
View Real Time Build Order
Export as new Build Order

SamuraiFunn Protoss 

Build Orders:  

Get SALT Encoding   

  12  0:01  Probe (Chrono Boost)  
  13  0:12  Probe (Chrono Boost)  
  14  0:22  Pylon  
  14  0:24  Probe (Chrono Boost)  
  15  0:41  Probe (Chrono Boost)  
  16  0:44  Gateway  
  16  0:51  Probe (Chrono Boost)  
  16  0:55  Gateway  
  17  1:02  Probe (Chrono Boost)  
  18  1:14  Pylon  
  18  1:20  Probe (Chrono Boost)  
  18  1:24  Assimilator  
  19  1:31  Forge  
  19  1:35  Probe (Chrono Boost)  
  19  1:36  Zealot  
  22  1:43  Zealot  
  22  1:45  Probe (Chrono Boost)  
  25  1:53  Assimilator  
  25  2:00  Pylon  
  25  2:04  Probe (Chrono Boost)  
  25  2:07  Zealot  
  28  2:14  Probe (Chrono Boost)  
  29  2:28  Zealot  
  31  2:33  Protoss Ground Weapons Level 1  
  31  2:34  Zealot  
  33  2:48  Gateway  
  33  3:02  Zealot  
  33  3:03  Zealot  
  33  3:05  Pylon  
  37  3:29  Zealot  
  37  3:33  Nexus  
  39  3:38  Probe (Chrono Boost)  
  40  3:45  Zealot  
  43  3:48  Probe (Chrono Boost)  
  43  3:52  Zealot  
  45  4:04  Pylon  
  45  4:31  Pylon  
  45  4:33  Cybernetics Core  
  45  4:43  Zealot x2  
  45  4:44  Zealot  
  51  4:48  Probe (Chrono Boost)  
  52  4:59  Probe (Chrono Boost)  
  53  5:06  Gateway  
  53  5:09  Probe (Chrono Boost)  
  54  5:14  Twilight Council  
  54  5:19  Probe (Chrono Boost)  
  54  5:20  Probe (Chrono Boost)  
  56  5:27  Assimilator  
  56  5:29  Probe (Chrono Boost)  
  56  5:31  Assimilator  
  56  5:34  Zealot  
  59  5:40  Probe (Chrono Boost)  
  60  5:46  Stalker  
  62  5:50  Probe (Chrono Boost)  
  62  5:55  Charge  
  63  6:05  Probe (Chrono Boost)  
  63  6:11  Probe (Chrono Boost)  
  65  6:15  Probe (Chrono Boost)  
  66  6:21  Probe (Chrono Boost)  
  67  6:26  Probe (Chrono Boost)  
  67  6:30  Pylon, Templar Archives  
  67  6:32  Probe (Chrono Boost)  
  69  6:36  Probe (Chrono Boost), Zealot  
  69  6:37  Zealot  
  74  6:42  Probe (Chrono Boost)  
  75  6:56  Nexus  
  75  7:02  Pylon  
  75  7:06  Pylon  
  75  7:08  High Templar x2  
  79  7:10  Psionic Storm, High Templar  
  81  7:17  Zealot  
  83  7:36  Robotics Facility  
  83  7:40  Robotics Facility  
  83  7:44  Zealot  
  83  7:47  Adept, Zealot  
  83  7:49  Adept  
  91  7:54  Pylon  
  91  8:11  Adept  
  93  8:14  High Templar  
  93  8:15  High Templar  
  97  8:35  Gateway  
  97  8:37  Gateway  
  97  8:40  Probe (Chrono Boost)  
  98  8:50  Probe (Chrono Boost)  
  99  9:01  Probe (Chrono Boost)  
  100  9:06  Observer  
  100  9:09  Observer  
  102  9:11  Probe (Chrono Boost)  
  102  9:15  Adept x3  
  109  9:22  Probe (Chrono Boost)  
  110  9:28  Observer  
  111  9:59  Adept x2  
  117  10:00  Adept x2  
  119  10:16  Immortal  
  123  10:26  Immortal, Adept  
  123  10:27  Adept x2  
  123  10:28  Adept  
  103  10:58  High Templar  
  103  10:59  High Templar  
  103  11:00  High Templar x2  
  103  11:03  Immortal  
  104  11:05  Immortal  
  96  11:13  Probe (Chrono Boost)  
  95  11:23  Probe (Chrono Boost)  
  80  11:34  Probe (Chrono Boost)  
  80  11:38  Adept  
  80  11:39  Adept x3  
  89  11:42  Immortal  
  89  11:44  Probe (Chrono Boost), Immortal  
  98  11:55  Probe (Chrono Boost)  
  99  12:05  Stalker  
  99  12:06  Stalker x3  
  107  12:12  Adept  
  107  12:13  Adept  
  111  12:21  Immortal  
  115  12:35  High Templar  
  115  12:36  High Templar  
  115  12:38  Stalker x2  
  115  12:39  Stalker  
  115  12:41  Stalker  
  110  13:08  Stalker x2  
  110  13:09  Stalker  
  110  13:10  Stalker  
  116  13:13  Photon Cannon  
  116  13:15  Photon Cannon  
  116  13:16  Photon Cannon  
  114  13:34  Photon Cannon  
  114  13:44  Stalker  
  116  13:51  Pylon  
  116  13:53  Pylon  
  116  14:04  Stalker  
  116  14:09  Stalker x4  
  124  14:19  Stalker  
  120  14:34  Stalker  
  114  14:39  Stalker x4  
  106  14:49  Stalker  
  78  15:04  Zealot  
  84  15:07  Immortal x2  
  84  15:09  Zealot x4  
  96  15:19  Zealot  
  98  15:31  Zealot  
  100  15:36  Zealot x3  
  100  15:46  Observer  
  101  15:56  Zealot x2  
  105  15:58  Zealot  
  105  16:03  Zealot x3  
  99  16:23  Zealot  
  99  16:24  Zealot  
  99  16:25  Zealot  
  101  16:28  Immortal x2  
  101  16:30  Zealot x2, Stalker  
  115  16:50  Stalker  
  115  16:51  Stalker  
  115  16:52  Stalker  
  82  17:07  Immortal  
  86  17:09  Adept x3  
  86  17:14  Immortal  
  96  17:20  Adept  
  98  17:45  Zealot x2  
  98  17:46  Immortal, Zealot x2  
  98  17:47  Zealot  
  112  18:14  Nexus  
  112  18:45  Nexus  
  112  19:07  Observer x2  
  114  19:44  Pylon  
  114  19:55  Pylon  
  114  20:07  Assimilator  
  114  20:09  Assimilator  
  114  20:28  Pylon  
  114  20:52  Zealot  
  114  20:53  Zealot x5  
  134  20:57  Immortal x2  
  134  21:19  Zealot  
  134  21:20  Stalker x5  
  146  21:29  Pylon  
  146  21:36  Observer x2  
  148  21:43  Assimilator  
  148  21:46  Stalker  
  150  21:50  Zealot x5  
  148  22:04  Immortal x2  
  78  22:16  Zealot  
  78  22:17  Zealot x3  
Show
View Real Time Build Order
Export as new Build Order

A.I. 1 (Harder) Terran - Winner!

Build Orders: MMM Bio 

Get SALT Encoding   

  12  0:00  SCV  
  13  0:13  SCV  
  14  0:18  Supply Depot  
  14  0:25  SCV  
  15  0:40  SCV  
  16  0:43  Barracks  
  16  0:49  Refinery  
  16  0:52  SCV  
  17  1:04  SCV  
  18  1:16  SCV  
  19  1:21  Supply Depot  
  19  1:28  SCV  
  19  1:32  Marine  
  21  1:41  Barracks, Orbital Command  
  21  1:49  Refinery  
  21  1:51  Barracks Tech Lab  
  21  2:07  Supply Depot  
  21  2:09  Marine  
  22  2:27  Marauder  
  22  2:29  Factory, Marine  
  25  2:47  Marine  
  25  2:49  Marauder  
  28  3:04  Marine  
  29  3:06  Supply Depot  
  29  3:10  Marine  
  30  3:15  Starport  
  30  3:22  Marine  
  31  3:29  Marauder  
  33  3:40  Marine, Supply Depot  
  34  3:43  SCV  
  35  3:50  Marauder  
  35  3:55  SCV  
  38  3:56  Engineering Bay, Starport Tech Lab  
  38  4:07  SCV  
  39  4:17  Banshee  
  39  4:19  SCV  
  43  4:31  SCV  
  44  4:43  SCV  
  45  5:00  Banshee  
  48  5:42  Barracks Tech Lab  
  48  5:43  Marine, Stimpack  
  48  5:46  Factory, Factory Tech Lab  
  48  5:48  Starport  
  49  5:50  Supply Depot, Terran Infantry Weapons Level 1  
  49  5:51  Command Center  
  49  6:00  Combat Shields, Marine  
  49  6:02  Marine  
  51  6:09  Siege Tank  
  54  6:18  Marine  
  54  6:25  Starport Tech Lab  
  55  6:26  Missile Turret  
  55  6:29  Factory Tech Lab  
  55  6:32  Missile Turret  
  55  6:35  Supply Depot  
  54  6:41  Siege Tank  
  57  6:54  Bunker, Siege Tank  
  60  7:03  SCV x2  
  62  7:11  Refinery  
  62  7:14  Cyclone  
  66  7:15  SCV  
  66  7:16  SCV, Missile Turret  
  66  7:19  Concussive Shells, Missile Turret  
  66  7:20  Refinery  
  67  7:27  SCV  
  67  7:28  SCV  
  69  7:38  Bunker  
  69  7:39  SCV  
  69  7:40  SCV  
  70  7:44  Terran Infantry Armor Level 1  
  70  7:47  Raven  
  72  7:52  SCV  
  72  7:53  SCV  
  74  8:04  SCV  
  74  8:05  SCV  
  76  8:06  Raven  
  76  8:07  Supply Depot  
  78  8:16  SCV  
  78  8:17  SCV  
  78  8:19  Sensor Tower  
  79  8:28  SCV  
  79  8:29  SCV  
  79  8:30  Armory  
  81  8:37  Barracks  
  81  8:40  SCV  
  82  8:41  SCV  
  82  8:48  Supply Depot  
  83  8:52  SCV  
  83  8:53  SCV  
  85  9:04  SCV  
  85  9:06  SCV  
  87  9:16  SCV  
  88  9:18  SCV  
  89  9:24  Barracks Reactor  
  89  9:28  SCV  
  90  9:34  SCV  
  90  10:02  Medivac x2, Hellion  
  90  10:03  Supply Depot  
  90  10:06  Hellion  
  97  10:11  Starport  
  97  10:13  Factory, Command Center  
  96  10:23  Siege Tank  
  96  10:27  Marine, Hellion  
  100  10:29  Supply Depot  
  100  10:32  Medivac, Marine, Raven  
  83  10:36  Marine  
  83  10:40  Marine  
  76  10:45  Marine  
  76  10:49  Marine  
  74  10:54  Siege Tank  
  73  10:58  Marine  
  73  11:02  Marine  
  70  11:07  Marine  
  63  11:11  Marine  
  63  11:13  Factory Tech Lab  
  63  11:16  Marine  
  59  11:24  SCV, Marine  
  59  11:25  Hellion  
  57  11:28  SCV, Marine  
  58  11:33  Marine  
  58  11:37  Marine  
  60  11:42  Marine  
  60  11:46  Siege Tank  
  64  11:50  Siege Tank  
  67  11:54  Marine  
  67  11:59  Starport, Hellion  
  70  12:03  Marine  
  70  12:07  Marine  
  72  12:11  Marine  
  73  12:18  Hellion  
  73  12:20  Hellion  
  77  12:24  Siege Tank  
  77  12:27  SCV  
  80  12:35  Starport Reactor  
  80  12:39  Siege Tank  
  80  12:42  Siege Tank  
  86  12:51  SCV  
  86  12:53  SCV  
  86  12:57  SCV, Siege Tank  
  92  13:03  SCV  
  92  13:05  SCV  
  94  13:09  SCV  
  94  13:11  Siege Tank  
  95  13:13  Terran Infantry Weapons Level 2  
  95  13:15  SCV  
  95  13:17  SCV  
  94  13:21  SCV  
  95  13:28  SCV  
  95  13:30  SCV  
  95  13:33  SCV  
  98  13:38  Infernal Pre-Igniter  
  98  13:40  SCV  
  99  13:42  SCV  
  99  13:45  SCV  
  99  13:47  Marine  
  102  13:52  SCV  
  102  13:54  Command Center  
  103  14:01  Marine  
  104  14:03  Marine  
  104  14:05  Marine  
  104  14:09  Siege Tank  
  109  14:14  Siege Tank  
  112  14:22  Thor  
  112  14:24  Marine  
  112  14:25  Starport Reactor  
  112  14:28  Starport Reactor, Marine  
  112  14:30  Marine  
  108  14:31  Starport Reactor  
  108  14:33  Marine  
  100  14:41  Hellion  
  100  14:42  Marine  
  91  14:46  Marine, Hellion  
  91  14:48  Marine  
  91  14:50  Marine  
  93  15:00  Marine  
  93  15:03  Hellion  
  93  15:04  Marine  
  93  15:05  Siege Tank  
  93  15:06  Marine  
  101  15:07  Siege Tank  
  101  15:08  Marine  
  105  15:18  SCV, Marine  
  105  15:20  SCV  
  109  15:21  SCV  
  109  15:22  Marine  
  109  15:24  Marine, Siege Tank  
  109  15:26  Marine  
  109  15:27  Supply Depot  
  115  15:29  Terran Infantry Armor Level 2  
  113  15:37  SCV x3, Siege Tank  
  113  15:38  SCV  
  113  15:39  Raven  
  113  15:40  Hellion  
  124  15:49  SCV  
  125  15:50  SCV x2  
  125  15:51  SCV, Refinery  
  125  15:52  Refinery  
  128  15:58  Terran Vehicle Weapons Level 1  
  128  16:01  SCV  
  128  16:03  SCV x3  
  132  16:09  Refinery  
  132  16:11  Refinery  
  126  16:19  Siege Tank  
  119  16:36  Raven  
  121  16:49  Raven  
  121  16:50  Hellion  
  121  16:52  Hellion  
  121  16:53  Marine  
  121  16:56  Marine  
  121  16:58  Marine, Liberator  
  121  17:01  Hellion  
  122  17:02  Marine  
  123  17:11  Siege Tank  
  123  17:13  Liberator  
  129  17:16  Marauder  
  129  17:21  Marauder  
  133  17:25  Banshee  
  136  17:30  Supply Depot  
  139  17:39  Thor  
  147  17:44  Marauder  
  147  17:47  Liberator  
  147  17:49  Marauder  
  149  17:54  Cyclone  
  149  17:55  Supply Depot, Liberator  
  152  17:59  Banshee  
  158  18:07  Command Center  
  158  18:18  Supply Depot  
  161  18:25  Thor  
  166  18:36  Missile Turret  
  166  18:37  Thor  
  166  18:39  SCV  
  173  18:44  Terran Vehicle And Ship Armor Level 1  
  173  18:45  Missile Turret  
  173  18:46  Supply Depot  
  173  18:48  Missile Turret  
  173  18:50  Missile Turret  
  173  18:52  Missile Turret  
  173  19:01  Fusion Core  
  173  19:05  Engineering Bay  
  173  19:09  Bunker  
  173  19:11  Supply Depot  
  173  19:14  Bunker  
  173  19:25  Terran Infantry Weapons Level 3  
  173  19:29  Refinery  
  173  19:30  Missile Turret  
  173  19:33  Missile Turret  
  173  19:36  Refinery  
  173  19:40  Terran Infantry Armor Level 3  
  173  19:50  Advanced Ballistics  
  173  19:56  Bunker  
  173  21:11  High Capacity Fuel Tanks  
  173  21:20  Sensor Tower  
  173  21:22  Siege Tank  
  173  21:24  Siege Tank  
  179  21:40  Ghost Academy  
  179  21:44  Armory  
  179  21:58  Marine  
  179  22:01  Marine  
  175  22:03  SCV  
  175  22:04  Hellion  
  175  22:07  Marine  
  170  22:10  Marine  
  165  22:19  Marine  
  165  22:22  Marine  
  170  22:27  Command Center  
Tags
 
Composition
MMM Bio
Matchup
PvT
Replay Pack
First 100 games
Spawn Locations
Cross Positions
Add a new tag
Caveats
  • Supply blocks, unpowered buildings, or Contaminate may cause inaccurate times.
  • Supply counts are checked every 10 seconds.